 Dungeon Crawl Stone Soup version 0.27.1-3-gb3d3a73c9e (webtiles) character file.

Game seed: 1575969160012220455

58 barney the Changer (level 3, -1/42 HPs)
             Began as a Draconian Transmuter on Oct 5, 2021.
             Slain by a hornet zombie (9 damage)
             ... on level 3 of the Dungeon.
             The game lasted 00:01:49 (2068 turns).

barney the Changer (Draconian Transmuter)           Turns: 2068, Time: 00:01:50

Health: -1/42      AC: 21    Str: 12    XL:     3   Next: 75%
Magic:  3/6        EV:  2    Int: 14    God:
Gold:   37         SH:  0    Dex: 11    Spells: 0/6 levels left

rFire    . . .     SeeInvis +   j - +0 whip (flame)
rCold    . . .     Faith    .   (no shield)
rNeg     + + +     Spirit   .   (armour unavailable)
rPois    +         Reflect  .   (helmet currently unavailable)
rElec    .         Harm     .   (cloak currently unavailable)
rCorr    .         Rampage  .   (gloves currently unavailable)
Will     .....     NoTele   +   (boots currently unavailable)
Stlth    +.........             (no amulet)
HPRegen  0.14/turn              i - ring of see invisible
MPRegen  0.10/turn              (no ring)

@: tree-form
A: stationary, stasis, torment immunity, boosted hp, AC +5, unfitting armour,
(cold-blooded)
a: no special abilities


You were on level 3 of the Dungeon.
You were a tree.
You visited 1 branch of the dungeon, and saw 3 of its levels.

You collected 37 gold pieces.

Inventory:

Hand Weapons
 j - a +0 whip of flaming (weapon)
Armour
 c - a +1 pair of gloves (melded)
 f - a +0 cloak (melded)
Jewellery
 i - a ring of see invisible (left branch)
Scrolls
 e - a scroll of fear
 h - a scroll of immolation
Potions
 k - a potion of curing {unknown}
 l - a potion of cancellation {unknown}


   Skills:
 - Level 1.1 Fighting
 - Level 1.7 Dodging
 - Level 3.0 Unarmed Combat
 - Level 2.0 Spellcasting
 + Level 4.1 Transmutations


You couldn't memorise any spells.
You knew the following spells:

 Your Spells              Type           Power      Damage    Failure   Level
a - Beastly Appendage     Tmut           26%        N/A       4%          1
b - Spider Form           Tmut/Pois      3%         N/A       30%         3
c - Wereblood             Tmut           13%        N/A       6%          2

Your spell library contained the following spells:

 Spells                   Type           Power      Damage    Failure   Level
 Stone Arrow              Conj/Erth      2%         3d7       56%         3
 Ice Form                 Ice/Tmut       7%         N/A       69%         4
 Lehudib's Crystal Spear  Conj/Erth      0%         10d2      100%        8
 Animate Armour           Summ/Erth      Unusable   N/A       N/A         4

Dungeon Overview and Level Annotations

Branches:
Dungeon (3/15)

Altars:


Innate Abilities, Weirdness & Mutations

You are a tree.
Your roots penetrate the ground, keeping you stationary.
You cannot be teleported.
You are immune to unholy pain and torment.
Your maximum health is greatly increased.
Your equipment is partially melded.
((Your plain brown scales are hard. (AC +5)))
You cannot fit into any form of body armour.
((You are cold-blooded and may be slowed by cold attacks.))


Message History

It was a potion of lignification.
Your transformation has ended.
Your +0 whip of flaming unmelds from your body.
Your +0 cloak unmelds from your body.
Your +1 pair of gloves unmelds from your body.
Your +0 whip of flaming bursts into flame!
You turn into a tree.
Your +0 cloak melds into your body.
Your +1 pair of gloves melds into your body.
Your roots penetrate the ground.
The hornet zombie hits you but does no damage.
You barely miss the hornet zombie.
The hornet zombie is lightly damaged.
The hornet zombie hits you but does no damage. x2
You hit the hornet zombie but do no damage.
The hornet zombie is lightly damaged.
The hornet zombie hits you but does no damage.
You hit the hornet zombie but do no damage.
The hornet zombie is lightly damaged.
The hornet zombie hits you but does no damage. x2
You barely miss the hornet zombie.
The hornet zombie is lightly damaged.
The hornet zombie hits you but does no damage.
You hit the hornet zombie. You burn the hornet zombie.
The hornet zombie is moderately damaged.
The hornet zombie hits you but does no damage.
You hit the hornet zombie but do no damage.
The hornet zombie is moderately damaged.
The hornet zombie hits you but does no damage.
The hornet zombie hits you!
* * * LOW HITPOINT WARNING * * *
You barely miss the hornet zombie.
The hornet zombie is moderately damaged.
The hornet zombie hits you but does no damage.
You barely miss the hornet zombie.
The hornet zombie is moderately damaged.
You hear the slow rusting of a very distant drain.
The hornet zombie hits you.
* * * LOW HITPOINT WARNING * * *
The hornet zombie hits you!
You die...

#.....# #.....#
#.....# #.....# #<
#.....### #. #........
#.# #..............
#..###..............
#...♣Z.#............
#......#............
###......#............
#........#............
#.####.#(#............
#. #.#.#....<....... #
#...#§§§.........
##.)#§§§.........
#..#§###...#####


You could see a hornet zombie.

Vanquished Creatures
  An adder (D:2)
  2 worms (D:2)
  4 dart slugs
  A bat (D:1)
  An endoplasm (D:2)
  A giant cockroach (D:1)
  6 goblins
  A hobgoblin (D:2)
  6 jackals (D:1)
  3 quokkas (D:2)
  2 ball pythons
  2 frilled lizards (D:2)
  2 rats (D:2)
32 creatures vanquished.

Notes
Turn   | Place    | Note
-------+----------+-------------------------------------------
     0 | D:1      | barney the Draconian Transmuter began the quest for the
                  | Orb.
     0 | D:1      | Reached XP level 1. HP: 16/16 MP: 3/3
   127 | D:1      | Reached XP level 2. HP: 19/23 MP: 3/5
   277 | D:1      | Reached skill level 3 in Transmutations
   533 | D:1      | Found a faded altar of an unknown god.
   928 | D:2      | Reached XP level 3. HP: 23/28 MP: 4/6
  1254 | D:2      | Reached skill level 4 in Transmutations
  1604 | D:2      | Learned a level 3 spell: Spider Form
  1615 | D:2      | Learned a level 2 spell: Wereblood
  2068 | D:3      | Slain by a hornet zombie

Illustrated notes

Levels and vault maps discovered:
D:1:      saegor_arrival_simple_a, layout_basic,
          chequers_ecumenical_altar_simple_redux
D:2:      layout_basic
D:3:      layout_basic, mainiacjoe_overflow_alcove_1, portal_sewer_entry_a,
          hex_tiny, kennysheep_doodads

Skill      XL: |  1  2  3 |
---------------+----------+-----
Transmutations | 3 4 |  4.1
Fighting       | |  1.1
Dodging        | |  1.7
Unarmed Combat | |  3.0
Spellcasting   | |  2.0

Action                   || total
-------------------------++-------
Melee: Unarmed           ||    54
       Kick              ||    16
       Headbutt          ||    13
       Tailslap          ||     4
       Whip              ||    58
 Cast: Beastly Appendage ||    27
       Spider Form       ||     1
  Use: Scroll            ||     6
       Potion            ||     1
Armor: Skin              ||    42
Dodge: Dodged            ||    78
